 Seeded DCSS version 0.29.1-1-gd02db6906a (webtiles) character file.

Game seed: 1 (custom seed)

79 Kazon the Trooper (level 4, 0/40 HPs)
             Began as a Draconian Berserker on Oct 11, 2022.
             Was a Follower of Trog.
             Slain by a gnoll
             ... wielding a +0 halberd
              (6 damage)
             ... on level 2 of the Dungeon.
             The game lasted 00:08:33 (1491 turns).

Kazon the Trooper (Draconian Berserker)             Turns: 1491, Time: 00:08:33

Health: 0/40       AC:  8    Str: 21    XL:     4   Next: 16%
Magic:  4/4        EV: 11    Int:  8    God:    Trog [*.....]
Gold:   196        SH: 10    Dex: 12    Spells: 3/3 levels left

rFire   . . .      SeeInvis .   a - +0 spear
rCold   . . .      Faith    .   c - +3 kite shield "Xuny" {Rampage rN+ Str+2}
rNeg    + . .      Spirit   .   (body armour unavailable)
rPois   .          Reflect  .   (helmet restricted)
rElec   .          Harm     .   (no cloak)
rCorr   .          Rampage  +   (no gloves)
Will    .....                   j - +2 pair of boots
Stlth   +.........              b - amulet of the acrobat
HPRegen 0.13/turn               (no ring)
MPRegen 0.09/turn               (no ring)

@: on berserk cooldown
A: AC +5, unfitting armour, cold-blooded
a: Renounce Religion, Berserk


You were on level 2 of the Dungeon.
You worshipped Trog.
Trog was aware of your devotion.
You visited 1 branch of the dungeon, and saw 3 of its levels.

You collected 196 gold pieces.

Inventory:

Hand Weapons
 a - a +0 spear (weapon)
Missiles
 g - 19 stones (quivered)
 k - 3 boomerangs
Armour
 c - the +3 kite shield "Xuny" (worn) {Rampage rN+ Str+2}
   (You acquired it on level 1 of the Dungeon)

   Str:       It affects your strength (+2).
   rN:        It protects you from negative energy.
   Rampage:   It bestows one free step when moving towards enemies.
 j - a +2 pair of boots (worn)
Jewellery
 b - an amulet of the acrobat (around neck)
Scrolls
 h - 2 scrolls of identify {unknown}
 l - a scroll of immolation {unknown}
Potions
 d - a potion of haste {unknown}
 e - a potion of flight {unknown}
 f - a potion of attraction {unknown}
 i - 2 potions of berserk rage {unknown}


   Skills:
 * Level 3.8 Fighting
 + Level 3.8 Polearms
 * Level 0.6 Throwing
 + Level 3.3 Dodging
 + Level 0.4 Stealth
 + Level 0.4 Shields


You had 3 spell levels left.
You didn't know any spells.
Your spell library was empty.

Dungeon Overview and Level Annotations

Branches:
Dungeon (3/15)

Altars:

Shops:
D:3 (


Innate Abilities, Weirdness & Mutations

Your plain brown scales are hard. (AC +5)
You cannot fit into any form of body armour.
You are cold-blooded and may be slowed by cold attacks.


Message History

The adder is heavily wounded.
You feel sick. You block the adder's attack. The gnoll misses you.
The gnoll hits you from afar with a +0 halberd.
* * * LOW HITPOINT WARNING * * *
The adder closely misses you.
You puncture the adder!
You kill the adder!
Trog accepts your kill.
You feel sick. The gnoll closely misses you.
You rampage towards the gnoll!
You hit the gnoll.
The gnoll is lightly wounded.
You feel sick.
You are no longer poisoned.
The gnoll hits you with a +0 halberd.
* * * LOW HITPOINT WARNING * * *
You block the gnoll's attack.
You hit the gnoll but do no damage.
The gnoll is lightly wounded.
The gnoll closely misses you. The gnoll barely misses you.
You barely miss the gnoll.
The gnoll is lightly wounded.
The gnoll hits you with a +0 halberd.
* * * LOW HITPOINT WARNING * * *
You barely miss the gnoll.
The gnoll is lightly wounded.
The gnoll hits you but does no damage. You block the gnoll's attack.
You hit the gnoll.
Your tail-slap misses the gnoll.
The gnoll is moderately wounded.
You block the gnoll's attack. The gnoll closely misses you.
You hit the gnoll.
The gnoll is heavily wounded.
You feel yourself speed up. The gnoll closely misses you.
You barely miss the gnoll.
The gnoll is heavily wounded.
You block the gnoll's attack.
You hit the gnoll.
The gnoll is severely wounded.
You block the gnoll's attack. The gnoll hits you with a +0 halberd.
You die...

..............# .
######.##.##.#... #.#
#S##........ #.# #g...g#.#
# #.# #####.#.# # #.#
######S#.#.#. #.#
#...gg.......# #.#
#g##.......### #.#
#@##..####.# #<# #)##..# #
####### #.# #†##..# ......#
#.# #.##..####.#
.####.####.#####..........#
.## #.#.........>##..######
..###÷..#####....##..#
#....####............#
..##.# #.#########.##


You could see a gnoll.

Vanquished Creatures
  2 gnolls (D:2)
  2 adders (D:2)
  A worm (D:2)
  7 endoplasms
  A giant cockroach (D:1)
  6 goblins
  4 hobgoblins
  2 kobolds
  A quokka (D:1)
  2 ball pythons (D:2)
  3 bats
  3 frilled lizards
  3 rats (D:1)
37 creatures vanquished.

Notes
Turn   | Place    | Note
-------+----------+-------------------------------------------
     0 | D:1      | Kazon the Draconian Berserker began the quest for the Orb.
     0 | D:1      | Reached XP level 1. HP: 19/19 MP: 1/1
    47 | D:1      | Identified a scroll of acquirement
    47 | D:1      | Acquired the +3 kite shield "Xuny" {Rampage rN+ Str+2}
   323 | D:1      | Reached XP level 2. HP: 22/26 MP: 2/2
   913 | D:3      | Found Umat's Antique Weapon Boutique.
   978 | D:3      | Reached XP level 3. HP: 33/33 MP: 3/3
  1480 | D:2      | Reached XP level 4. HP: 19/40 MP: 4/4
  1491 | D:2      | Slain by a gnoll

Illustrated notes

Levels and vault maps discovered:
D:1:      dpeg_arrival_three_smaller_balls, layout_basic
D:2:      layout_loops_ring
D:3:      layout_basic, serial_shops, nicolae_shop_stone, st_stairs_9,
          minmay_misc_feat_doors, eino_curves_03, uniq_robin

Skill      XL: |  1  2 |
---------------+-------+-----
Dodging        | 3 |  3.3
Fighting       | |  3.8
Polearms       | |  3.8
Throwing       | |  0.6
Stealth        | |  0.4
Shields        | |  0.4

Action                   |  1- 3 |  4- 6 || total
-------------------------+-------+-------++-------
Melee: Spear             |   134 |    12 ||   146
       Tailslap          |    12 |       ||    12
Throw: Stone             |     7 |       ||     7
Invok: Berserk           |     1 |       ||     1
  Use: Scroll            |     1 |       ||     1
 Stab: Sleeping          |     1 |       ||     1
Armor: Skin              |    34 |     4 ||    38
Dodge: Dodged            |    63 |     8 ||    71
Block: Kite shield       |    44 |     8 ||    52
